 Dungeon Crawl Stone Soup version 0.30-a0-867-g305f33218d (webtiles) character file.

Game seed: 1353382039608803352

103 Dittersdorf the Shield-Bearer (level 4, -5/29 HPs)
             Began as a Gargoyle Fighter on Mar 10, 2023.
             Was an Initiate of Okawaru.
             Slain by a goblin
             ... wielding a +4 dagger
             ... led by Robin
              (6 damage)
             ... on level 2 of the Dungeon.
             The game lasted 00:02:13 (2104 turns).

Dittersdorf the Shield-Bearer (Gargoyle Fighter)    Turns: 2104, Time: 00:02:14

Health: -5/29      AC: 13    Str: 22    XL:     4   Next: 79%
Magic:  4/4        EV:  7    Int:  8    God:    Okawaru [......]
Gold:   93         SH:  4    Dex:  9    Spells: 3/3 levels left

rFire   . . .      SeeInvis .    a - +0 flail
rCold   . . .      Faith    .    c - +0 buckler
rNeg    + . .      Spirit   .    k - +0 chain mail
rPois   ∞          Reflect  .    (no helmet)
rElec   +          Rampage  .    (no cloak)
rCorr   .                        (no gloves)
Will    .....                    (no boots) Stlth
                                 (no amulet)
HPRegen 0.24/turn                (no ring)
MPRegen 0.09/turn                (no ring)

@: no status effects
A: sickness immunity, AC +3, negative energy resistance 1, electricity
resistance, torment resistance 1, petrification resistance
a: Renounce Religion


You were on level 2 of the Dungeon.
You worshipped Okawaru.
Okawaru was noncommittal.
You visited 1 branch of the dungeon, and saw 3 of its levels.

You collected 93 gold pieces.

Inventory:

Hand Weapons
 a - a +0 flail (weapon)
Armour
 c - a +0 buckler (worn)
 k - a +0 chain mail (worn)
Scrolls
 b - a scroll of amnesia {unknown}
 e - 2 scrolls of teleportation {unknown}
 i - 2 scrolls of identify {unknown}
 l - a scroll of poison {unknown}
 m - a scroll of magic mapping {unknown}
Potions
 d - 2 potions of might
 f - 3 potions of curing {unknown}
 g - a potion of mutation {unknown}
 h - a potion of heal wounds {unknown}
 j - 2 potions of haste {unknown}
 n - a potion of brilliance {unknown}


   Skills:
 + Level 4.1 Fighting
 + Level 2.9 Maces & Flails
 + Level 4.0 Armour
 + Level 4.1 Shields


You had 3 spell levels left.
You didn't know any spells.
Your spell library was empty.

Dungeon Overview and Level Annotations

Branches:
Dungeon (3/15)

Altars:
Okawaru

Annotations:
D:2 1 runed translucent door, Crazy Yiuf
D:3 Robin


Innate Abilities, Weirdness & Mutations

You are immune to sickness and miasma.
Your stone body is resilient. (AC +3)
You are immune to poison.
You resist negative energy. (rN+)
You are resistant to electric shocks. (rElec)
You are resistant to unholy torment.
You are immune to petrification.


Message History

The goblin hits you with a +4 dagger! The ball python bites you.
* * * LOW HITPOINT WARNING * * *
The ball python grabs you.
You stop ascending the stairs.
The ball python constricts you.
You are too injured to fight recklessly!
You escape the ball python's grasp.
The goblin hits you with a +4 dagger.
* * * LOW HITPOINT WARNING * * *
The goblin hits you but does no damage.
You climb upwards.
Level annotation: 1 runed translucent door, Crazy Yiuf
There is a stone staircase leading down here.
You can't go up here!
You barely miss the goblin.
The ball python bites you but does no damage.
The ball python grabs you. The ball python constricts you.
* * * LOW HITPOINT WARNING * * *
The ball python barely misses you. The ball python constricts you.
The goblin hits you but does no damage.
You thump the ball python!
You kill the ball python!
Okawaru accepts your kill. The goblin hits you but does no damage.
You hit the goblin.
The goblin is moderately wounded.
You block the goblin's attack. The goblin hits you with a +4 dagger.
* * * LOW HITPOINT WARNING * * *
You hit the goblin.
The goblin is heavily wounded.
You block the goblin's attack.
You barely miss the goblin.
The goblin is heavily wounded.
The goblin barely misses you.
You completely miss the goblin.
The goblin is heavily wounded.
The goblin hits you with a +4 dagger.
* * * LOW HITPOINT WARNING * * *
You barely miss the goblin.
The goblin is heavily wounded.
The goblin hits you with a +4 dagger.
You die...

# #...†.##
#......#)# #.#
#....## #...[....#
#.# ####.†..###
####.##### #.#
#.........# #.#
#.#### ..........#
#.# #.##..
#.........# #.#
#.##.# ####(.....#
#.# #.##.#
#.....## #######.#
#..... #.<..##
#>gg@)..# ###...
##.#.#####.#######
#.... #.#........#
#...# ############
#...# #...# #...#
### ###### #...#
#)..### ##....##
###..
#...+.####.#....#
##.


You could see 2 goblins.

Vanquished Creatures
  Jessica (D:2)
  An adder (D:2)
  2 worms (D:2)
  4 ball pythons
  3 bats
  An endoplasm (D:1)
  A giant cockroach (D:3)
  5 goblins
  9 hobgoblins
  11 jackals
  4 quokkas
  4 frilled lizards
  5 kobolds
  A rat (D:2)
  A bush (D:2)
53 creatures vanquished.

Vanquished Creatures (others)
  A fungus (D:2)
1 creature vanquished.

Grand Total: 54 creatures vanquished

Notes
Turn   | Place    | Note
-------+----------+-------------------------------------------
     0 | D:1      | Dittersdorf the Gargoyle Fighter began the quest for the
                  | Orb.
     0 | D:1      | Reached XP level 1. HP: 14/14 MP: 1/1
   160 | D:1      | Reached XP level 2. HP: 16/19 MP: 2/2
   841 | D:2      | Reached XP level 3. HP: 23/23 MP: 3/3
   912 | D:2      | Noticed Jessica
   925 | D:2      | Killed Jessica
   974 | D:2      | Reached XP level 4. HP: 23/29 MP: 4/4
  1008 | D:2      | Found an iron altar of Okawaru.
  1017 | D:2      | Became a worshipper of Warmaster Okawaru
  1819 | D:2      | Found a runed translucent door.
  1820 | D:2      | Noticed Crazy Yiuf
  1965 | D:3      | Noticed Robin
  2103 | D:2      | HP: 1/29 [goblin/+4 dagger[Robin] (2)]
  2104 | D:2      | Slain by a goblin

Illustrated notes

Levels and vault maps discovered:
D:1:      psy_arrival_radial01, layout_loops_ring
D:2:      layout_loops_corners, basic_altar, kennysheep_jessica_study,
          uniq_crazy_yiuf_cottage
D:3:      layout_basic, mainiacjoe_overflow_cross_hatched, uniq_robin

Skill      XL: |  1  2  3  4 |
---------------+-------------+-----
Fighting       | 4 |  4.1
Shields        | 4 |  4.1
Armour         | 4 |  4.0
Maces & Flails | |  2.9

Action                     |  1- 3 |  4- 6 || total
---------------------------+-------+-------++-------
  Melee: Flail             |    84 |   134 ||   218
 Armour: Scale mail        |    41 |    21 ||    62
         Chain mail        |       |    49 ||    49
  Dodge: Dodged            |    42 |    58 ||   100
  Block: Buckler           |    19 |    35 ||    54

Table legend: (Time is in decaauts)
 A = Elapsed time spent in this place.
 B = Non-inter-level travel time spent in this place.
 C = Inter-level travel time spent in this place.
 D = Time resting spent in this place.
 E = Time spent auto-exploring this place.
 F = Levels seen in this place.
 G = Mean time per level.
                   A        B        C        D        E       F      G
               +--------+--------+--------+--------+--------+-----+--------+
         Total |   2173 |   2027 |    146 |    135 |   1404 |   3 |  724.3 |
       Dungeon |   2173 |   2027 |    146 |    135 |   1404 |   3 |  724.3 |
               +--------+--------+--------+--------+--------+-----+--------+

Top non-repeatable levels by time:
     D:2: 1246 daAuts
     D:1: 810 daAuts
     D:3: 117 daAuts
